| TOP OF THE 1ST |
|
Seattle (APP) Mariners batting - Pitching for Oakland (APP) Athletics : RHP Bill McAskill
|
|
Pitching: RHP Bill McAskill
|
|
|
Batting: RHB Chris Van Niel
|
0-0: Swinging Strike 0-1: Called Strike 0-2: Foul Ball, location: 2F 0-2: Strikes out looking
|
|
Batting: RHB John Vasquez
|
0-0: Ball 1-0: Ball 2-0: Ground out 5-3 (Groundball, 15, EV 86.9 MPH)
|
|
Batting: RHB Nick Edmunds
|
0-0: Ball 1-0: Foul Ball, location: 2F 1-1: Ball 2-1: Ball 3-1: Base on Balls
|
|
Batting: LHB Chang Huie
|
0-0: Swinging Strike 0-1: Ball 1-1: Fielders Choice at 2nd, 6-4 (Groundball, 6, EV 86.9 MPH)
|
| Top of the 1st over - 0 runs, 0 hits, 0 errors, 1 left on base; Seattle (APP) 0 - Oakland (APP) 0 |
| BOTTOM OF THE 1ST |
|
Oakland (APP) Athletics batting - Pitching for Seattle (APP) Mariners : RHP Jamie Riley
|
|
Pitching: RHP Jamie Riley
|
|
|
Batting: RHB Scott Lister
|
0-0: Ball 1-0: Ground out 6-3 (Groundball, 6, EV 105.0 MPH)
|
|
Batting: RHB Gabe Secundino
|
0-0: Ball 1-0: Ball 2-0: Fly out, F8 (Flyball, 89M, EV 91.9 MPH)
|
|
Batting: LHB Roscoe Romaine
|
0-0: Called Strike 0-1: Called Strike 0-2: Ball 1-2: Fly out, F9 (Flyball, 9LS, EV 75.6 MPH)
|
| Bottom of the 1st over - 0 runs, 0 hits, 0 errors, 0 left on base; Seattle (APP) 0 - Oakland (APP) 0 |
| TOP OF THE 2ND |
|
Seattle (APP) Mariners batting - Pitching for Oakland (APP) Athletics : RHP Bill McAskill
|
|
Batting: RHB Nick Ellis
|
0-0: Ball 1-0: Called Strike 1-1: Called Strike 1-2: Ball 2-2: SINGLE (Line Drive, 4D, EV 99.4 MPH)
|
|
Batting: RHB Carlton McDonald
|
Pickoff Throw to First - Out! 1-3 0-0: Ground out 5-3 (Groundball, 56, EV 96.2 MPH)
|
|
Batting: RHB Joaquin Salazar
|
0-0: Called Strike 0-1: Ball 1-1: Foul Ball, location: 2F 1-2: Ball 2-2: Ground out 5-3 (Groundball, 56, EV 86.9 MPH)
|
| Top of the 2nd over - 0 runs, 1 hit, 0 errors, 0 left on base; Seattle (APP) 0 - Oakland (APP) 0 |
| BOTTOM OF THE 2ND |
|
Oakland (APP) Athletics batting - Pitching for Seattle (APP) Mariners : RHP Jamie Riley
|
|
Batting: LHB Marcus Pollard
|
0-0: Ball 1-0: Ball 2-0: Ball 3-0: Base on Balls
|
|
Batting: RHB Amare Brown
|
0-0: Ball 1-0: Ball 2-0: Ball 3-0: Called Strike 3-1: Grounds into double play, 5-4-3 (Groundball, 56S, EV 92.5 MPH)
|
|
Batting: RHB Rafael Alarcon
|
0-0: Ground out 6-3 (Groundball, 6, EV 90.0 MPH)
|
| Bottom of the 2nd over - 0 runs, 0 hits, 0 errors, 0 left on base; Seattle (APP) 0 - Oakland (APP) 0 |
| TOP OF THE 3RD |
|
Seattle (APP) Mariners batting - Pitching for Oakland (APP) Athletics : RHP Bill McAskill
|
|
Batting: RHB Rowan Prince
|
0-0: Ball 1-0: Foul Ball, location: 2F 1-1: Fly out, F7 (Flyball, 78D, EV 98.1 MPH)
|
|
Batting: RHB Josh Carpenter
|
0-0: Ball 1-0: Ball 2-0: Ball 3-0: Called Strike 3-1: Hit by Pitch
|
|
Batting: RHB Chris Van Niel
|
0-0: 2-RUN HOME RUN (Flyball, 7LD, EV 95.0 MPH), Distance : 356 ft
|
|
Batting: RHB John Vasquez
|
0-0: Called Strike 0-1: Ball 1-1: Ball 2-1: Ground out 5-3 (Groundball, 56S, EV 63.8 MPH)
|
|
Batting: RHB Nick Edmunds
|
0-0: Fly out, F9 (Flyball, 9S, EV 82.5 MPH)
|
| Top of the 3rd over - 2 runs, 1 hit, 0 errors, 0 left on base; Seattle (APP) 2 - Oakland (APP) 0 |
| BOTTOM OF THE 3RD |
|
Oakland (APP) Athletics batting - Pitching for Seattle (APP) Mariners : RHP Jamie Riley
|
|
Batting: RHB Ryan Jennings
|
0-0: Ball 1-0: Swinging Strike 1-1: Swinging Strike 1-2: Foul Ball, location: 2F 1-2: Strikes out swinging
|
|
Batting: RHB Ricardo Claros
|
0-0: Foul Ball, location: 2F 0-1: Ball 1-1: Foul Ball, location: 2F 1-2: Strikes out swinging
|
|
Batting: LHB Bill Helmer
|
0-0: Foul Ball, location: 2F 0-1: Called Strike 0-2: Foul Ball, location: 2F 0-2: Ball 1-2: Fly out, F7 (Flyball, 7LM, EV 81.9 MPH)
|
| Bottom of the 3rd over - 0 runs, 0 hits, 0 errors, 0 left on base; Seattle (APP) 2 - Oakland (APP) 0 |
| TOP OF THE 4TH |
|
Seattle (APP) Mariners batting - Pitching for Oakland (APP) Athletics : RHP Bill McAskill
|
|
Batting: LHB Chang Huie
|
0-0: Ball 1-0: SOLO HOME RUN (Flyball, 7LD, EV 95.6 MPH), Distance : 351 ft
|
|
Batting: RHB Nick Ellis
|
0-0: Called Strike 0-1: Swinging Strike 0-2: Strikes out swinging
|
|
Batting: RHB Carlton McDonald
|
0-0: Fly out, F7 (Flyball, 7LS, EV 83.8 MPH)
|
|
Batting: RHB Joaquin Salazar
|
0-0: Swinging Strike 0-1: SINGLE (Flyball, 78S, EV 93.8 MPH)
|
|
Batting: RHB Rowan Prince
|
0-0: Ball 1-0: Called Strike Joaquin Salazar steals 2nd base 1-1: Ball 2-1: Ball 3-1: Called Strike 3-2: Foul Ball, location: 2F 3-2: Strikes out swinging
|
| Top of the 4th over - 1 run, 2 hits, 0 errors, 1 left on base; Seattle (APP) 3 - Oakland (APP) 0 |
| BOTTOM OF THE 4TH |
|
Oakland (APP) Athletics batting - Pitching for Seattle (APP) Mariners : RHP Jamie Riley
|
|
Batting: RHB Scott Lister
|
0-0: Ball 1-0: Ball 2-0: Swinging Strike 2-1: Ball 3-1: Foul Ball, location: 2F 3-2: Base on Balls
|
|
Batting: RHB Gabe Secundino
|
0-0: Swinging Strike 0-1: Called Strike 0-2: Ball 1-2: Ball 2-2: Foul Ball, location: 2F 2-2: Foul Ball, location: 2F 2-2: Foul Ball, location: 2F 2-2: Ball 3-2: Foul Ball, location: 2F 3-2: 2-RUN HOME RUN (Flyball, 7D, EV 98.8 MPH), Distance : 376 ft
|
|
Batting: LHB Roscoe Romaine
|
0-0: Ball 1-0: Swinging Strike 1-1: SOLO HOME RUN (Flyball, 7LD, EV 91.9 MPH), Distance : 342 ft
|
|
Batting: LHB Marcus Pollard
|
0-0: Called Strike 0-1: SINGLE (Groundball, 56S, EV 70.6 MPH) (infield hit)
|
|
Batting: RHB Amare Brown
|
0-0: Called Strike 0-1: Ball Marcus Pollard is caught stealing 2nd base 2-4 1-1: Called Strike 1-2: Foul Ball, location: 2F 1-2: SINGLE (Groundball, 56D, EV 105.0 MPH)
|
|
Batting: RHB Rafael Alarcon
|
0-0: Ball 1-0: Fly out, F9 (Flyball, 89XD, EV 91.9 MPH)
|
|
Batting: RHB Ryan Jennings
|
0-0: Ball 1-0: 2-RUN HOME RUN (Flyball, 9LD, EV 93.1 MPH), Distance : 342 ft
|
|
Batting: RHB Ricardo Claros
|
0-0: Called Strike 0-1: Ball 1-1: Ball 2-1: Foul Ball, location: 2F 2-2: SOLO HOME RUN (Flyball, 7D, EV 96.2 MPH), Distance : 392 ft
|
|
Pitching: RHP Domingo Maldonado
|
|
|
Batting: LHB Bill Helmer
|
0-0: Ball 1-0: Ball 2-0: Ball 3-0: Base on Balls
|
|
Batting: RHB Scott Lister
|
0-0: Ball Bill Helmer is caught stealing 2nd base 2-4
|
| Bottom of the 4th over - 6 runs, 6 hits, 0 errors, 0 left on base; Seattle (APP) 3 - Oakland (APP) 6 |
| TOP OF THE 5TH |
|
Seattle (APP) Mariners batting - Pitching for Oakland (APP) Athletics : RHP Bill McAskill
|
|
Batting: RHB Josh Carpenter
|
0-0: Ball 1-0: SOLO HOME RUN (Flyball, 78XD, EV 100.0 MPH), Distance : 422 ft
|
|
Batting: RHB Chris Van Niel
|
0-0: Fly out, F4 (Line Drive, 4, EV 63.1 MPH)
|
|
Batting: RHB John Vasquez
|
0-0: Hit by Pitch
|
|
Batting: RHB Nick Edmunds
|
0-0: Fly out, F6 (Flyball, 56D, EV 87.5 MPH)
|
|
Batting: LHB Chang Huie
|
0-0: Ball John Vasquez steals 2nd base 1-0: Ball 2-0: Foul Ball, location: 2F 2-1: Ball 3-1: Ground out 5-3 (Groundball, 56, EV 81.9 MPH)
|
| Top of the 5th over - 1 run, 1 hit, 0 errors, 1 left on base; Seattle (APP) 4 - Oakland (APP) 6 |
| BOTTOM OF THE 5TH |
|
Oakland (APP) Athletics batting - Pitching for Seattle (APP) Mariners : RHP Domingo Maldonado
|
|
Batting: RHB Scott Lister
|
0-0: Foul Ball, location: 2F 0-1: Ball 1-1: Foul Ball, location: 2F 1-2: Ball 2-2: Ball 3-2: SINGLE (Line Drive, 89S, EV 108.8 MPH)
|
|
Batting: RHB Gabe Secundino
|
0-0: Called Strike 0-1: Ball Scott Lister steals 2nd base 1-1: Fly out, F8 (Line Drive, 8RM, EV 101.2 MPH)
|
|
Batting: LHB Roscoe Romaine
|
0-0: Ground out 4-3 (Groundball, 4, EV 86.2 MPH) Scott Lister to third
|
|
Batting: LHB Marcus Pollard
|
0-0: Called Strike 0-1: Called Strike 0-2: Ground out 5-3 (Groundball, 56, EV 93.1 MPH)
|
| Bottom of the 5th over - 0 runs, 1 hit, 0 errors, 1 left on base; Seattle (APP) 4 - Oakland (APP) 6 |
| TOP OF THE 6TH |
|
Seattle (APP) Mariners batting - Pitching for Oakland (APP) Athletics : RHP Bill McAskill
|
|
Batting: RHB Nick Ellis
|
0-0: Ball 1-0: Foul Ball, location: 2F 1-1: Ball 2-1: Ball 3-1: Foul Ball, location: 2F 3-2: Foul Ball, location: 2F 3-2: Foul Ball, location: 2F 3-2: Base on Balls
|
|
Batting: RHB Carlton McDonald
|
0-0: Ball 1-0: Ball 2-0: Foul Ball, location: 2F 2-1: Ball 3-1: Base on Balls Nick Ellis to second
|
|
Batting: RHB Joaquin Salazar
|
0-0: Called Strike 0-1: SINGLE (Line Drive, 4D, EV 96.9 MPH) Nick Ellis to third Carlton McDonald to second Runner from 3rd tries for Home, SAFE, throw by RF to home
|
|
Pitching: RHP Juan Luna
|
|
|
Batting: RHB Rowan Prince
|
0-0: Called Strike Carlton McDonald steals 3rd base Joaquin Salazar to second 0-1: Swinging Strike 0-2: Ball 1-2: Ball 2-2: Ball 3-2: Foul Ball, location: 2F 3-2: Base on Balls
|
|
Batting: RHB Josh Carpenter
|
0-0: Ball 1-0: Foul Ball, location: 2F 1-1: Foul Ball, location: 2F 1-2: Strikes out swinging
|
|
Batting: RHB Chris Van Niel
|
0-0: Ball 1-0: Ball 2-0: Fly out, F5 (Popup, 25, EV 81.2 MPH)
|
|
Batting: RHB John Vasquez
|
0-0: SINGLE (Line Drive, 34, EV 110.0 MPH) Carlton McDonald scores Joaquin Salazar to third Rowan Prince to second Runner from 3rd tries for Home, SAFE, throw by RF to home
|
|
Batting: RHB Nick Edmunds
|
0-0: Ball 1-0: Swinging Strike 1-1: Called Strike 1-2: Ball 2-2: Ball 3-2: SINGLE (Groundball, 3D, EV 104.4 MPH) Rowan Prince to third John Vasquez to second Rowan Prince scores John Vasquez to third
|
|
Batting: LHB Chang Huie
|
0-0: Foul Ball, location: 2F 0-1: Hit by Pitch Nick Edmunds to second
|
|
Batting: RHB Nick Ellis
|
0-0: Ball 1-0: Ball 2-0: Called Strike 2-1: Ball 3-1: Called Strike 3-2: Foul Ball, location: 2F 3-2: Base on Balls John Vasquez scores Nick Edmunds to third Chang Huie to second
|
|
Pitching: RHP Rusty Prodoehl
|
|
|
Batting: RHB Carlton McDonald
|
0-0: Ball 1-0: Swinging Strike 1-1: Ground out 4-3 (Groundball, 4, EV 86.2 MPH)
|
| Top of the 6th over - 5 runs, 3 hits, 0 errors, 3 left on base; Seattle (APP) 9 - Oakland (APP) 6 |
| BOTTOM OF THE 6TH |
|
Oakland (APP) Athletics batting - Pitching for Seattle (APP) Mariners : RHP Domingo Maldonado
|
|
Batting: RHB Amare Brown
|
0-0: Called Strike 0-1: Ball 1-1: SINGLE (Line Drive, 9S, EV 106.2 MPH)
|
|
Batting: RHB Rafael Alarcon
|
0-0: DOUBLE (Flyball, 8LXD, EV 102.5 MPH) Amare Brown to third
|
|
Batting: RHB Ryan Jennings
|
0-0: Ground out 6-3 (Groundball, 6, EV 99.4 MPH) Amare Brown scores
|
|
Batting: RHB Ricardo Claros
|
0-0: Ball 1-0: Swinging Strike 1-1: Ball 2-1: Foul Ball, location: 2F 2-2: Ball 3-2: TRIPLE (Flyball, 89XD, EV 99.4 MPH) Rafael Alarcon scores
|
|
Pitching: LHP Will Creelman
|
|
|
Pinch Hitting: RHB Walt Alaniz
|
0-0: Called Strike 0-1: Ball 1-1: Foul Ball, location: 2F 1-2: Ball 2-2: Ball 3-2: 2-RUN HOME RUN (Flyball, 7D, EV 100.0 MPH), Distance : 394 ft
|
|
Batting: RHB Scott Lister
|
0-0: Ball 1-0: Ball 2-0: Swinging Strike 2-1: Called Strike 2-2: Ball 3-2: Ground out 4-3 (Groundball, 4, EV 90.6 MPH)
|
|
Batting: RHB Gabe Secundino
|
0-0: Called Strike 0-1: Swinging Strike 0-2: Strikes out swinging
|
| Bottom of the 6th over - 4 runs, 4 hits, 0 errors, 0 left on base; Seattle (APP) 9 - Oakland (APP) 10 |
| TOP OF THE 7TH |
|
Seattle (APP) Mariners batting - Pitching for Oakland (APP) Athletics : RHP Rusty Prodoehl
|
|
Now in CF: Jason Dove
|
|
|
Batting: RHB Joaquin Salazar
|
0-0: Called Strike 0-1: Ball 1-1: Fly out, F7 (Flyball, 7, EV 83.1 MPH)
|
|
Batting: RHB Rowan Prince
|
0-0: Ball 1-0: Called Strike 1-1: Called Strike 1-2: Foul Ball, location: 2F 1-2: Ball 2-2: Ball 3-2: Foul Ball, location: 2F 3-2: Strikes out swinging
|
|
Batting: RHB Josh Carpenter
|
0-0: Ball 1-0: Swinging Strike 1-1: Ball 2-1: Called Strike 2-2: Ball 3-2: Foul Ball, location: 2F 3-2: Strikes out looking
|
| Top of the 7th over - 0 runs, 0 hits, 0 errors, 0 left on base; Seattle (APP) 9 - Oakland (APP) 10 |
| BOTTOM OF THE 7TH |
|
Oakland (APP) Athletics batting - Pitching for Seattle (APP) Mariners : LHP Will Creelman
|
|
Batting: LHB Roscoe Romaine
|
0-0: Called Strike 0-1: Swinging Strike 0-2: Ball 1-2: Strikes out swinging
|
|
Batting: LHB Marcus Pollard
|
0-0: Ball 1-0: Foul Ball, location: 2F 1-1: Ball 2-1: Ball 3-1: Called Strike 3-2: Base on Balls
|
|
Pitching: RHP Frank Cabrera
|
|
|
Batting: RHB Amare Brown
|
0-0: Fielders Choice at 2nd, 6-4 (Groundball, 56, EV 80.6 MPH)
|
|
Batting: RHB Rafael Alarcon
|
0-0: Called Strike 0-1: Foul Ball, location: 2F 0-2: Foul Ball, location: 2F 0-2: Strikes out swinging
|
| Bottom of the 7th over - 0 runs, 0 hits, 0 errors, 1 left on base; Seattle (APP) 9 - Oakland (APP) 10 |
| TOP OF THE 8TH |
|
Seattle (APP) Mariners batting - Pitching for Oakland (APP) Athletics : RHP Rusty Prodoehl
|
|
Now at 1B: Jason Dove
|
|
|
Now in CF: Nathaniel Adderley
|
|
|
Batting: RHB Chris Van Niel
|
0-0: Ball 1-0: Foul Ball, location: 2F 1-1: Ball 2-1: Ball 3-1: Base on Balls
|
|
Pitching: RHP Andy Teague
|
|
|
Batting: RHB John Vasquez
|
0-0: Ball 1-0: Bunted foul 1-1: Ball 2-1: Sac Bunt to 3S - play at first, batter OUT! 3-4 Chris Van Niel to second
|
|
Batting: RHB Nick Edmunds
|
0-0: Called Strike 0-1: Ball 1-1: Ball 2-1: Ball 3-1: Base on Balls
|
|
Batting: LHB Chang Huie
|
0-0: Ball 1-0: Foul Ball, location: 2F 1-1: Ball 2-1: Ball 3-1: Foul Ball, location: 2F 3-2: Fly out, F7 (Line Drive, 7S, EV 92.5 MPH)
|
|
Batting: RHB Nick Ellis
|
0-0: Ball 1-0: SINGLE (Groundball, 6MD, EV 97.5 MPH) Chris Van Niel to third Nick Edmunds to second Runner from 3rd tries for Home, SAFE, throw by CF to home
|
|
Batting: LHB Prince Nunley
|
0-0: Foul Ball, location: 2F 0-1: Ball 1-1: Swinging Strike 1-2: Ball 2-2: Foul Ball, location: 2F 2-2: Ball 3-2: Base on Balls Nick Edmunds to third Nick Ellis to second
|
|
Batting: RHB Joaquin Salazar
|
0-0: Swinging Strike 0-1: Ball 1-1: Ball 2-1: Foul Ball, location: 2F 2-2: Ball 3-2: Strikes out looking
|
| Top of the 8th over - 1 run, 1 hit, 0 errors, 3 left on base; Seattle (APP) 10 - Oakland (APP) 10 |
| BOTTOM OF THE 8TH |
|
Oakland (APP) Athletics batting - Pitching for Seattle (APP) Mariners : RHP Frank Cabrera
|
|
Batting: RHB Ryan Jennings
|
0-0: Ball 1-0: Ground out 6-3 (Groundball, 6D, EV 100.6 MPH)
|
|
Pinch Hitting: LHB Alejandro Muniz
|
0-0: Fly out, F7 (Flyball, 7, EV 78.8 MPH)
|
|
Batting: RHB Jason Dove
|
0-0: Called Strike 0-1: Ball 1-1: Foul Ball, location: 2F 1-2: Foul Ball, location: 2F 1-2: Ball 2-2: SOLO HOME RUN (Line Drive, 89XD, EV 99.4 MPH), Distance : 394 ft
|
|
Batting: RHB Scott Lister
|
0-0: Swinging Strike 0-1: Ground out U3 (Groundball, 13, EV 81.9 MPH)
|
| Bottom of the 8th over - 1 run, 1 hit, 0 errors, 0 left on base; Seattle (APP) 10 - Oakland (APP) 11 |
| TOP OF THE 9TH |
|
Seattle (APP) Mariners batting - Pitching for Oakland (APP) Athletics : RHP Andy Teague
|
|
Pitching: RHP Jason Palmer
|
|
|
Now in LF: Raul Herrera
|
|
|
Pinch Hitting: LHB Yoshihisa Kobayashi
|
0-0: Called Strike 0-1: Foul Ball, location: 2F 0-2: Foul Ball, location: 2F 0-2: Ball 1-2: Fly out, F9 (Flyball, 9, EV 93.1 MPH)
|
|
Batting: RHB Josh Carpenter
|
0-0: Called Strike 0-1: Ball 1-1: Foul Ball, location: 2F 1-2: Foul Ball, location: 2F 1-2: Ball 2-2: Ball 3-2: Strikes out swinging
|
|
Batting: RHB Chris Van Niel
|
0-0: Called Strike 0-1: Ball 1-1: Foul Ball, location: 2F 1-2: Foul Ball, location: 2F 1-2: Foul Ball, location: 2F 1-2: Foul Ball, location: 2F 1-2: Foul Ball, location: 2F 1-2: Ball 2-2: Foul Ball, location: 2F 2-2: Ball 3-2: SINGLE (Groundball, 34D, EV 101.2 MPH)
|
|
Batting: RHB John Vasquez
|
0-0: Ball 1-0: Foul Ball, location: 2F 1-1: Ball 2-1: Swinging Strike 2-2: Ball 3-2: Base on Balls Chris Van Niel to second
|
|
Batting: RHB Nick Edmunds
|
0-0: Ball 1-0: Ball Passed Ball! Chris Van Niel to third John Vasquez to second 2-0: Foul Ball, location: 2F 2-1: Foul Ball, location: 2F 2-2: Foul Ball, location: 2F 2-2: Ball 3-2: Base on Balls
|
|
Batting: LHB Chang Huie
|
0-0: Called Strike 0-1: Foul Ball, location: 2F 0-2: SINGLE (Groundball, 4MD, EV 107.5 MPH) Chris Van Niel scores John Vasquez to third Nick Edmunds to second
|
|
Pitching: LHP Vincent Whittick
|
|
|
Batting: RHB Nick Ellis
|
0-0: Fielders Choice at 2nd, 6-4 (Groundball, 6MD, EV 82.5 MPH)
|
| Top of the 9th over - 1 run, 2 hits, 0 errors, 3 left on base; Seattle (APP) 11 - Oakland (APP) 11 |
| BOTTOM OF THE 9TH |
|
Oakland (APP) Athletics batting - Pitching for Seattle (APP) Mariners : RHP Frank Cabrera
|
|
Now at C: Carlos Luna
|
|
|
Batting: RHB Gabe Secundino
|
0-0: Called Strike 0-1: Ball 1-1: Foul Ball, location: 2F 1-2: Strikes out swinging
|
|
Batting: RHB Nathaniel Adderley
|
0-0: Called Strike 0-1: Ground out 6-3 (Groundball, 6S, EV 94.4 MPH)
|
|
Pitching: RHP Victor Ocampo
|
|
|
Batting: LHB Marcus Pollard
|
0-0: Called Strike 0-1: Ball 1-1: Fly out, F5 (Popup, 25F, EV 86.2 MPH)
|
| Bottom of the 9th over - 0 runs, 0 hits, 0 errors, 0 left on base; Seattle (APP) 11 - Oakland (APP) 11 |
| TOP OF THE 10TH |
|
Seattle (APP) Mariners batting - Pitching for Oakland (APP) Athletics : LHP Vincent Whittick
|
|
Batting: LHB Prince Nunley
|
0-0: Called Strike 0-1: Ball 1-1: Called Strike 1-2: Foul Ball, location: 2F 1-2: Reached on error, E6 (Groundball, 6, EV 79.4 MPH)
|
|
Batting: RHB Joaquin Salazar
|
0-0: Bunted foul 0-1: Sac Bunt to P - play at first, batter OUT! 1-3 Prince Nunley to second
|
|
Batting: SHB Carlos Luna
|
0-0: Intentional Walk
|
|
Pinch Runner at 2nd Perry Renouf:
|
|
|
Batting: RHB Josh Carpenter
|
0-0: Ball 1-0: Ball 2-0: Called Strike 2-1: Grounds into double play, 6-4-3 (Groundball, 6, EV 100.6 MPH)
|
| Top of the 10th over - 0 runs, 0 hits, 1 error, 1 left on base; Seattle (APP) 11 - Oakland (APP) 11 |
| BOTTOM OF THE 10TH |
|
Oakland (APP) Athletics batting - Pitching for Seattle (APP) Mariners : RHP Victor Ocampo
|
|
Batting: RHB Amare Brown
|
0-0: Ball 1-0: Foul Ball, location: 2F 1-1: Foul Ball, location: 2F 1-2: Ball 2-2: Strikes out swinging
|
|
Batting: RHB Rafael Alarcon
|
0-0: Swinging Strike 0-1: Ball 1-1: Ball 2-1: Swinging Strike 2-2: Foul Ball, location: 2F 2-2: Ball 3-2: Base on Balls
|
|
Batting: RHB Ryan Jennings
|
0-0: Called Strike 0-1: Ball 1-1: Ball 2-1: Fielders Choice at 2nd, 1-6 (Groundball, 34S, EV 68.1 MPH)
|
|
Pitching: RHP Eric Dixon
|
|
|
Pinch Hitting: RHB Sergio Torres
|
0-0: Foul Ball, location: 2F 0-1: Foul Ball, location: 2F 0-2: Ball 1-2: Strikes out looking
|
| Bottom of the 10th over - 0 runs, 0 hits, 0 errors, 1 left on base; Seattle (APP) 11 - Oakland (APP) 11 |
| TOP OF THE 11TH |
|
Seattle (APP) Mariners batting - Pitching for Oakland (APP) Athletics : LHP Vincent Whittick
|
|
Now in LF: Sergio Torres
|
|
|
Batting: RHB Chris Van Niel
|
0-0: Ball 1-0: Swinging Strike 1-1: Ball 2-1: SINGLE (Groundball, 56D, EV 100.0 MPH)
|
|
Batting: RHB John Vasquez
|
0-0: Bunt missed! 0-1: Bunt missed! 0-2: SINGLE (Flyball, 89S, EV 96.9 MPH) Chris Van Niel to second Runner from 2nd tries for 3rd, SAFE, throw by RF made to third
|
|
Batting: RHB Nick Edmunds
|
0-0: Called Strike 0-1: Ball 1-1: Ball 2-1: Ball 3-1: Foul Ball, location: 2F 3-2: Strikes out looking
|
|
Batting: LHB Chang Huie
|
0-0: Ball 1-0: Foul Ball, location: 2F 1-1: Ball 2-1: Fielders Choice at 2nd, 4-6 (Groundball, 34, EV 82.5 MPH) Chris Van Niel scores
|
|
Batting: RHB Nick Ellis
|
0-0: Called Strike 0-1: Ball Chang Huie is caught stealing 2nd base 2-4
|
| Top of the 11th over - 1 run, 2 hits, 0 errors, 0 left on base; Seattle (APP) 12 - Oakland (APP) 11 |
| BOTTOM OF THE 11TH |
|
Oakland (APP) Athletics batting - Pitching for Seattle (APP) Mariners : RHP Eric Dixon
|
|
Batting: RHB Jason Dove
|
0-0: Ball 1-0: Called Strike 1-1: SINGLE (Flyball, 8RS, EV 91.2 MPH)
|
|
Batting: RHB Scott Lister
|
0-0: Ball 1-0: Ball 2-0: Called Strike 2-1: Foul Ball, location: 2F 2-2: 2-RUN HOME RUN (Flyball, 78XD, EV 106.9 MPH), Distance : 411 ft
|
| Bottom of the 11th over - 2 runs, 2 hits, 0 errors, 0 left on base; Seattle (APP) 12 - Oakland (APP) 13 |
|